Map: Rhoskallian LE

Players

Nigrnog

  • Race: Zerg Zerg
  • League: Silver
  • Spawn Location: 12:00

MooEsqoo

  • Race: Zerg Zerg
  • Spawn Location: 11:00

Strannik - Winner!

  • Race: Terran Terran
  • Spawn Location: 5:00

Topsi - Winner!

  • Race: Protoss Protoss
  • League: Silver
  • Spawn Location: 6:00

VOD

Have the link to the VOD?

Description

Time

  • Played on: Dec. 22, 2019, 5:22 a.m.
  • Length: 48:13
Show
View Real Time Build Order
Export as new Build Order

Nigrnog Zerg 

Build Orders: Pool First 

Get SALT Encoding   

  12  0:01  Drone  
  13  0:13  Overlord  
  13  0:18  Drone  
  14  0:25  Overlord  
  14  0:33  Drone  
  14  0:35  Drone  
  16  0:41  Extractor  
  15  0:47  Drone  
  16  0:57  Spawning Pool  
  16  1:00  Drone  
  16  1:08  Drone  
  17  1:25  Drone  
  18  1:38  Drone  
  18  1:39  Hatchery  
  18  1:48  Queen  
  18  1:53  Drone  
  21  1:59  Metabolic Boost  
  21  2:03  Drone  
  22  2:11  Drone  
  22  2:14  Zergling x2  
  24  2:23  Baneling Nest  
  24  2:24  Zergling x2  
  24  2:34  Zergling x2  
  25  2:39  Extractor  
  25  2:42  Lair  
  24  2:46  Zergling x2  
  25  3:00  Zergling x10  
  25  3:05  Queen  
  32  3:20  Drone x2  
  34  3:30  Zergling x4  
  36  3:56  Spire  
  36  4:02  Drone  
  36  4:03  Overlord x3  
  36  4:04  Overlord  
  36  4:21  Queen  
  36  4:39  Drone  
  37  4:51  Centrifical Hooks  
  37  5:02  Hatchery  
  35  5:43  Overseer  
  35  5:48  Overseer  
  35  5:49  Hatchery  
  30  5:51  Hatchery  
  30  5:55  Spore Crawler  
  21  6:14  Drone  
  22  6:28  Drone  
  23  7:09  Drone x4  
  23  7:10  Drone x5  
  23  7:14  Spore Crawler  
  23  7:15  Spore Crawler  
  30  7:19  Spore Crawler  
  30  7:20  Drone  
  30  7:32  Drone  
  31  7:41  Drone x2  
  32  7:53  Drone x3  
  34  8:03  Drone  
  34  8:04  Drone x2  
  37  8:21  Drone  
  37  8:23  Spore Crawler  
  37  8:26  Spore Crawler, Drone  
  37  8:27  Drone x2  
  39  8:47  Drone x5  
  39  8:48  Drone x2  
  46  8:51  Drone  
  46  8:53  Drone  
  48  8:56  Extractor  
  48  9:00  Extractor  
  46  9:14  Drone x6  
  46  9:15  Drone x3  
  55  9:19  Drone  
  55  9:22  Drone  
  57  9:25  Drone x3  
  57  9:27  Drone  
  57  9:30  Drone  
  62  9:32  Drone  
  62  9:35  Overlord  
  63  9:57  Extractor  
  62  10:00  Extractor  
  61  10:09  Overlord x7, Hatchery  
  60  10:21  Overlord x5  
  60  10:33  Zerg Flyer Armor Level 1  
  60  10:38  Corruptor x3  
  64  10:44  Spore Crawler  
  64  10:46  Drone x2  
  64  10:49  Corruptor  
  64  11:05  Spore Crawler  
  64  11:07  Spore Crawler x2  
  64  11:09  Drone x3  
  64  11:11  Queen  
  64  11:25  Spore Crawler x2  
  62  11:28  Spore Crawler, Drone  
  62  11:29  Drone x2  
  63  11:42  Extractor  
  63  11:43  Extractor  
  63  11:44  Drone x3  
  63  11:46  Corruptor x2  
  68  11:52  Hatchery  
  67  12:14  Queen, Mutalisk  
  67  12:15  Corruptor x3  
  77  12:28  Corruptor  
  77  12:29  Corruptor x2  
  83  12:35  Corruptor  
  85  12:42  Corruptor  
  87  12:55  Overlord x3  
  87  13:07  Corruptor  
  87  13:11  Corruptor  
  91  13:18  Baneling x8  
  91  13:19  Baneling x2  
  91  13:20  Hatchery  
  90  13:31  Drone x3  
  90  13:32  Drone x2  
  95  13:42  Infestation Pit  
  81  14:13  Mutalisk  
  81  14:14  Mutalisk x7  
  81  14:15  Mutalisk  
  99  14:45  Zergling x8  
  103  14:47  Overseer x2  
  103  15:01  Drone x3  
  103  15:03  Queen  
  100  15:16  Corruptor x4  
  104  15:30  Mutalisk  
  62  15:59  Drone x4  
  66  16:05  Zerg Flyer Weapons Level 1  
  66  16:26  Queen, Drone  
  66  16:27  Drone x2  
  71  16:36  Drone x6  
  71  16:37  Drone x7  
  71  16:38  Drone x8  
  71  16:39  Drone x2  
  94  16:41  Extractor  
  94  16:43  Extractor  
  92  17:06  Corruptor x3  
  92  17:07  Corruptor x3  
  104  17:40  Corruptor x5  
  114  17:52  Drone x8  
  114  17:53  Drone x2  
  114  17:56  Queen  
  126  17:58  Zerg Flyer Armor Level 2  
  126  18:14  Hatchery  
  125  18:24  Corruptor x8  
  125  18:25  Corruptor  
  143  18:36  Queen  
  143  18:38  Hatchery  
  144  18:45  Hive  
  144  18:57  Overlord x4  
  144  18:58  Overlord  
  144  19:03  Drone  
  144  19:05  Overlord x4  
  143  19:13  Corruptor x2  
  143  19:14  Corruptor x2  
  151  19:21  Corruptor x2  
  155  19:39  Drone x2  
  155  19:43  Queen  
  159  19:55  Drone x3  
  159  19:56  Drone x5  
  167  20:15  Drone x2  
  167  20:19  Queen  
  171  20:23  Corruptor x6  
  183  20:45  Greater Spire  
  183  20:48  Spire  
  182  21:05  Zergling x2  
  182  21:06  Zergling x16  
  182  21:07  Zergling x14  
  182  21:08  Zergling x4  
  189  21:31  Corruptor x3  
  189  21:32  Corruptor x2  
  195  21:41  Hatchery  
  154  22:10  Corruptor x5  
  154  22:11  Corruptor x7  
  154  22:12  Corruptor x7  
  184  22:39  Greater Spire  
  182  22:58  Extractor  
  181  23:11  Hatchery  
  180  23:19  Zergling x10  
  186  23:20  Zergling x16  
  186  23:21  Zergling x4  
  170  24:22  Corruptor x5  
  170  24:23  Corruptor x4  
  132  25:24  Extractor  
  131  25:34  Zergling x6  
  129  25:37  Zergling x2  
  129  25:38  Zergling x16  
  129  25:39  Zergling x6  
  141  25:54  Brood Lord x6, Hatchery  
  141  25:55  Brood Lord x4  
  141  25:56  Corruptor x8  
  170  25:59  Hatchery  
  170  26:00  Zergling x6  
  170  26:02  Zergling x2  
  174  26:08  Zergling x2  
  175  26:26  Corruptor x4  
  175  26:27  Corruptor x5  
  193  26:35  Corruptor x2  
  188  27:05  Drone x3  
  187  27:13  Zergling x12  
  187  27:14  Zergling x14  
  183  27:51  Drone x3  
  186  27:54  Corruptor x5  
  167  28:36  Corruptor x3  
  167  28:37  Corruptor x5  
  167  28:40  Zergling x8  
  167  28:41  Zergling x16  
  191  28:42  Zergling x2  
  166  29:27  Zergling x6  
  166  29:28  Zergling x16  
  166  29:29  Zergling x16  
  166  29:30  Zergling x4  
  133  29:59  Brood Lord  
  135  30:00  Brood Lord x5  
  135  30:02  Zergling x6  
  145  30:12  Drone x2  
  143  30:14  Queen  
  143  30:21  Brood Lord  
  122  30:30  Zergling x6  
  122  30:31  Zergling x16  
  122  30:32  Zergling x12  
  116  30:44  Drone  
  117  30:55  Zergling x12  
  123  30:57  Baneling  
  123  30:58  Baneling  
  123  30:59  Baneling x5  
  123  31:00  Baneling x4  
  123  31:10  Queen  
  125  31:20  Zergling x6  
  125  31:24  Overseer x4  
  101  32:02  Zergling x6  
  101  32:03  Zergling x16  
  101  32:04  Zergling x14  
  83  32:46  Drone x3  
  83  32:48  Extractor  
  77  32:51  Extractor  
  48  33:46  Drone x3  
  27  34:58  Drone x6  
  27  34:59  Drone  
  34  35:03  Hatchery  
  21  35:13  Zergling x16  
  21  35:14  Zergling x18  
  31  35:45  Zergling x4  
  9  38:39  Drone  
  10  41:16  Drone  
  9  42:49  Drone  
  9  45:47  Drone  
Show
View Real Time Build Order
Export as new Build Order

MooEsqoo Zerg 

Build Orders: Hatch First 

Get SALT Encoding   

  12  0:01  Drone  
  13  0:13  Overlord  
  13  0:18  Drone  
  14  0:32  Drone x2  
  16  0:37  Drone  
  17  0:49  Drone  
  18  1:01  Hatchery  
  18  1:04  Drone  
  18  1:07  Extractor  
  18  1:08  Drone  
  18  1:19  Drone  
  19  1:29  Spawning Pool  
  19  1:32  Drone  
  19  1:45  Drone  
  20  1:53  Overlord  
  20  2:02  Overlord  
  20  2:17  Zergling x4  
  20  2:18  Queen x2  
  26  2:23  Metabolic Boost  
  26  2:33  Zergling x4  
  28  2:39  Zergling x4  
  30  2:47  Zergling x4  
  32  3:04  Hatchery  
  31  3:20  Drone x2  
  31  3:21  Overlord, Drone  
  31  3:24  Overlord  
  34  3:37  Queen  
  34  3:41  Drone x2  
  38  3:52  Drone x3  
  38  3:53  Drone  
  42  4:22  Drone x4  
  42  4:23  Drone x2  
  42  4:24  Drone  
  49  4:26  Lair  
  49  4:35  Roach Warren  
  48  4:49  Overlord x2  
  48  4:57  Extractor  
  48  4:58  Extractor  
  48  4:59  Drone x2  
  48  5:00  Drone  
  48  5:02  Drone  
  48  5:03  Overlord  
  48  5:05  Drone  
  51  5:38  Extractor  
  50  5:55  Spire  
  49  5:57  Spore Crawler  
  49  5:59  Spore Crawler  
  49  6:01  Spore Crawler  
  49  6:03  Spore Crawler  
  45  6:06  Roach x6  
  45  6:07  Roach  
  45  6:08  Drone x5  
  63  6:38  Queen  
  65  6:47  Queen  
  65  6:48  Spore Crawler  
  65  6:49  Spore Crawler  
  65  7:21  Corruptor  
  65  7:22  Corruptor x2  
  71  7:28  Zerg Flyer Weapons Level 1  
  71  7:33  Drone  
  71  7:34  Drone x2  
  74  7:44  Corruptor  
  74  7:45  Corruptor  
  74  7:47  Drone x2  
  80  8:00  Overlord  
  80  8:01  Overlord x2  
  80  8:07  Overseer  
  80  8:41  Corruptor x3  
  80  8:42  Corruptor x3  
  80  8:45  Drone x4  
  80  8:46  Drone  
  97  8:59  Corruptor x2  
  101  9:10  Drone x5  
  101  9:15  Overlord x2  
  106  9:34  Overlord x2  
  106  9:35  Roach x2  
  106  9:36  Roach  
  112  9:50  Queen  
  112  9:51  Queen x2  
  118  9:53  Corruptor  
  120  10:00  Extractor x2  
  118  10:15  Ravager  
  118  10:16  Ravager x5  
  118  10:17  Ravager  
  125  10:38  Overlord  
  125  10:42  Overlord x3  
  125  10:44  Overlord x3, Corruptor x2  
  129  11:01  Corruptor x2, Roach x3  
  129  11:02  Corruptor x2  
  135  11:38  Corruptor x5  
  143  11:54  Corruptor x2  
  143  11:57  Zergling x4  
  143  11:58  Zergling x14  
  143  11:59  Zergling x4  
  158  12:06  Zerg Flyer Weapons Level 2  
  152  12:31  Baneling Nest  
  151  12:38  Corruptor x3  
  151  12:39  Corruptor x2  
  161  12:45  Overlord  
  161  13:25  Corruptor x7  
  175  13:40  Infestation Pit  
  174  13:44  Ravager x3  
  174  13:47  Corruptor  
  179  13:49  Zergling x4  
  179  13:50  Zergling x10  
  179  14:31  Centrifical Hooks  
  135  15:55  Drone x5  
  140  15:57  Corruptor x2  
  140  15:58  Corruptor x3  
  140  16:02  Hive  
  150  16:06  Zerg Flyer Armor Level 1  
  150  16:27  Hatchery  
  150  16:32  Extractor  
  148  16:36  Extractor  
  147  16:52  Spire  
  146  17:23  Corruptor x6  
  146  17:25  Hatchery  
  157  17:32  Extractor  
  154  17:43  Drone x3  
  154  17:44  Drone x2  
  159  17:47  Drone x3  
  162  17:52  Drone x5  
  167  18:02  Greater Spire  
  167  18:12  Roach x2  
  173  18:13  Roach x2  
  175  18:31  Drone x6  
  175  18:32  Drone  
  182  18:46  Hatchery  
  173  19:57  Brood Lord x7  
  173  19:58  Brood Lord  
  173  19:59  Brood Lord x5  
  128  21:37  Corruptor x6  
  128  21:38  Corruptor x7  
  132  21:49  Corruptor  
  134  21:59  Corruptor  
  136  22:09  Zergling x4  
  136  22:10  Zergling x12  
  136  22:11  Zergling x12  
  136  22:12  Zergling x10  
  155  22:30  Queen  
  157  22:54  Corruptor x5  
  167  23:18  Extractor  
  166  23:21  Extractor  
  166  23:23  Corruptor x3  
  166  23:25  Zergling x8  
  166  23:26  Zergling x14  
  166  23:27  Zergling x12  
  184  23:47  Corruptor x3  
  190  23:49  Zergling x6  
  190  23:50  Zergling x4  
  194  24:16  Overseer  
  194  24:18  Overseer x2  
  163  25:29  Zergling x8  
  163  25:30  Zergling x16  
  163  25:31  Zergling x14  
  163  25:32  Overlord, Zergling x2  
  173  26:03  Zergling x12  
  173  26:04  Zergling x12  
  179  26:19  Zergling x12  
  185  26:42  Baneling x5  
  185  26:43  Baneling x7  
  185  26:44  Baneling x7  
  185  26:45  Baneling x7  
  185  26:46  Baneling x5  
  185  26:48  Zergling x6  
  185  26:49  Zergling x14  
  185  26:50  Zergling x8  
  159  27:18  Baneling  
  159  27:19  Baneling x6  
  159  27:20  Baneling x6  
  159  27:21  Baneling x5  
  159  27:22  Baneling x2  
  159  27:27  Zergling x8  
  159  27:28  Zergling x16  
  159  27:29  Zergling x10  
  176  27:35  Overlord x3  
  165  27:51  Queen  
  165  27:53  Zergling x6  
  165  27:55  Zergling x2  
  165  27:56  Zergling x4  
  173  28:07  Zergling x10  
  173  28:08  Zergling x12  
  173  28:09  Zergling x6  
  144  28:59  Baneling  
  144  29:00  Baneling  
  143  29:05  Baneling  
  143  29:06  Baneling x3  
  143  29:07  Baneling x6  
  143  29:09  Zergling x12  
  150  29:10  Zergling x14  
  150  29:11  Zergling x4  
  148  30:25  Zergling x2  
  148  30:26  Zergling x8  
  148  30:27  Zergling x16  
  148  30:28  Zergling x12  
  155  30:29  Zergling x10  
  148  30:51  Zergling x2  
  148  30:52  Zergling x14  
  156  31:05  Hatchery  
  155  31:16  Zerg Flyer Weapons Level 3  
  155  31:20  Zerg Flyer Armor Level 2  
  155  31:25  Baneling x2  
  155  31:26  Baneling x7  
  155  31:27  Baneling x7  
  155  31:28  Baneling x7  
  155  31:29  Zergling x8  
  155  31:30  Corruptor x6, Zergling x4  
  153  31:53  Zergling x14  
  153  31:54  Zergling x6  
  152  32:17  Corruptor x3  
  140  34:10  Corruptor x2  
  140  34:12  Corruptor x2, Swarm Host  
  140  34:13  Swarm Host  
  139  36:33  Zergling x2  
  139  36:34  Zergling x12  
  139  36:35  Zergling x12  
  152  36:45  Brood Lord x3  
  158  36:49  Roach  
  160  36:57  Baneling  
  120  44:13  Drone  
  120  44:14  Drone  
Show
View Real Time Build Order
Export as new Build Order

Strannik Terran - Winner!

Build Orders:  

Get SALT Encoding   

  12  0:18  SCV  
  12  0:20  Supply Depot  
  13  0:23  Refinery  
  13  0:31  SCV  
  14  0:43  SCV  
  15  0:55  SCV  
  16  1:02  Barracks  
  16  1:07  SCV  
  17  1:12  Supply Depot  
  17  1:19  SCV  
  18  1:53  Factory  
  19  1:57  Orbital Command  
  18  2:12  Engineering Bay  
  18  2:18  Supply Depot  
  18  2:33  SCV, Refinery  
  19  2:42  Starport, Factory Tech Lab  
  19  2:45  SCV  
  20  2:54  Supply Depot  
  20  2:58  SCV  
  21  3:10  SCV  
  22  3:16  Supply Depot  
  22  3:22  SCV, Starport Tech Lab  
  22  3:26  Siege Tank  
  26  3:39  Supply Depot  
  26  3:55  Banshee  
  26  3:59  Command Center  
  26  4:00  Cloaking Field  
  29  4:20  Missile Turret  
  29  4:33  SCV  
  30  4:45  SCV  
  31  4:49  Siege Tank  
  31  4:51  Banshee  
  37  4:57  SCV  
  38  5:08  Refinery  
  38  5:09  SCV  
  39  5:21  SCV  
  39  5:23  Missile Turret  
  39  5:26  Orbital Command  
  40  5:33  SCV  
  41  5:45  SCV  
  39  6:37  SCV x2  
  41  6:45  Refinery  
  41  6:49  SCV x2  
  41  6:51  Fusion Core  
  43  6:54  Armory  
  43  6:56  Banshee  
  43  7:01  SCV x2  
  48  7:13  SCV x2  
  48  7:14  Widow Mine  
  52  7:25  SCV x2  
  54  7:35  Widow Mine  
  54  7:36  Missile Turret  
  56  7:38  Missile Turret  
  56  7:39  Missile Turret x3  
  56  7:41  Weapon Refit  
  56  7:43  Battlecruiser  
  62  7:57  Widow Mine  
  64  7:59  Terran Ship Weapons Level 1  
  64  8:08  Drilling Claws  
  64  8:11  Starport  
  64  8:13  Starport  
  64  8:18  Widow Mine  
  64  8:19  Factory  
  66  8:24  Missile Turret x2  
  63  8:40  Widow Mine  
  62  8:54  Factory, Starport Tech Lab x2  
  62  9:38  Factory Reactor x2  
  62  9:58  Battlecruiser x2  
  74  10:12  Command Center  
  74  10:17  Command Center  
  74  10:45  Widow Mine x2  
  78  10:57  Supply Depot x2  
  78  10:59  Supply Depot  
  78  11:01  Supply Depot  
  78  11:03  Supply Depot x2  
  78  11:05  Supply Depot  
  78  11:18  Supply Depot  
  78  11:19  Widow Mine x5  
  88  11:32  Supply Depot  
  88  11:33  Supply Depot  
  88  11:35  Supply Depot  
  88  11:38  Supply Depot  
  88  11:40  Widow Mine x5  
  98  12:02  Widow Mine x5  
  98  12:05  Battlecruiser  
  98  12:06  Missile Turret x2, Battlecruiser  
  114  12:23  Widow Mine x3  
  114  12:27  Missile Turret  
  114  12:29  Missile Turret  
  120  12:32  Widow Mine  
  120  12:33  Widow Mine  
  124  12:44  Widow Mine x3  
  130  12:54  Widow Mine x2  
  134  13:06  Widow Mine x3  
  140  13:15  Widow Mine  
  140  13:18  Widow Mine  
  144  13:27  Widow Mine x3  
  150  13:37  Widow Mine  
  150  13:39  Widow Mine  
  154  13:48  Widow Mine x3  
  154  13:53  SCV x2  
  162  13:58  Widow Mine  
  162  14:01  Widow Mine  
  158  14:05  SCV x2  
  158  14:08  Missile Turret  
  158  14:09  Missile Turret  
  160  14:10  Missile Turret  
  160  14:17  Missile Turret  
  160  14:36  SCV x2, Refinery  
  160  14:38  Refinery  
  162  14:39  Missile Turret  
  162  14:40  Orbital Command  
  162  14:47  Battlecruiser x2  
  162  14:48  SCV x2  
  176  15:00  SCV x2  
  176  15:01  Missile Turret  
  178  15:12  SCV  
  178  15:13  SCV  
  180  15:25  SCV x2  
  182  15:29  Refinery  
  182  15:32  Refinery  
  182  15:34  Missile Turret  
  182  15:35  Missile Turret  
  182  15:36  Missile Turret x2  
  182  15:37  Missile Turret  
  182  16:45  Battlecruiser x3  
  188  17:53  Battlecruiser x2  
  200  18:02  Terran Ship Weapons Level 2  
  162  19:30  Battlecruiser x2  
  162  19:31  Battlecruiser  
  178  19:56  Widow Mine x3  
  178  19:57  Widow Mine  
  186  20:18  Widow Mine x4, Terran Vehicle And Ship Armor Level 1  
  194  20:35  Battlecruiser  
  200  20:46  Starport  
  200  20:50  Starport  
  200  20:51  Starport  
  200  20:56  Starport  
  194  21:22  Battlecruiser  
  182  22:18  Battlecruiser x2  
  194  22:26  Battlecruiser  
  188  22:48  Starport Tech Lab x3  
  188  22:49  Starport Tech Lab  
  176  23:22  Battlecruiser x2  
  188  23:27  Widow Mine  
  188  23:28  Widow Mine x3  
  196  23:49  Widow Mine x2  
  194  24:40  Battlecruiser  
  168  26:19  Battlecruiser x3  
  186  26:26  Widow Mine  
  188  26:50  Command Center  
  188  26:54  Widow Mine  
  188  26:59  Widow Mine  
  188  27:01  Widow Mine  
  188  27:02  Widow Mine  
  188  27:07  Battlecruiser  
  179  27:16  Widow Mine  
  179  27:20  Widow Mine  
  182  27:23  Widow Mine  
  182  27:24  Widow Mine  
  188  27:37  Widow Mine  
  188  27:43  Battlecruiser  
  188  27:45  Battlecruiser  
  188  27:58  Widow Mine  
  188  28:00  Widow Mine  
  188  28:16  Battlecruiser  
  188  28:17  Widow Mine x2  
  188  28:19  Battlecruiser, Widow Mine  
  188  28:21  Widow Mine  
  178  28:30  Command Center  
  178  28:39  Widow Mine  
  178  28:40  Widow Mine x2  
  178  28:43  Widow Mine  
  178  28:47  Battlecruiser  
  186  28:51  Refinery  
  186  28:53  Refinery  
  184  28:56  Battlecruiser  
  188  29:41  Battlecruiser, Widow Mine x3  
  200  29:46  Widow Mine  
  200  30:47  Widow Mine  
  196  30:59  Missile Turret  
  196  31:00  Missile Turret x3  
  196  31:01  Missile Turret  
  196  31:02  Missile Turret x2  
  196  31:05  Missile Turret  
  196  31:06  Missile Turret x2  
  196  31:07  Missile Turret  
  196  31:08  Missile Turret  
  196  31:41  Battlecruiser  
  143  32:37  Widow Mine x4  
  143  32:38  Widow Mine  
  150  32:58  Widow Mine  
  150  32:59  Widow Mine x4  
  162  33:20  Widow Mine x5  
  146  33:56  Widow Mine  
  146  33:57  Widow Mine x4  
  154  34:18  Widow Mine x5  
  150  34:39  Widow Mine x3  
  150  34:40  Widow Mine x2  
  150  34:45  Battlecruiser x2  
  167  35:01  Widow Mine x5  
  171  35:22  Widow Mine x4  
  171  35:23  Widow Mine  
  172  35:43  Widow Mine x2  
  172  35:44  Widow Mine x2  
  166  36:00  Battlecruiser  
  170  36:56  Command Center  
  170  37:02  Command Center  
  170  37:06  Command Center  
  170  37:09  Refinery  
  170  37:10  Orbital Command  
  170  37:15  Command Center  
  170  38:26  Refinery  
  170  38:33  Refinery  
  170  38:39  Refinery  
  160  39:08  SCV  
  147  39:20  SCV  
  147  39:21  Widow Mine  
  147  39:22  Widow Mine x4  
  138  39:32  SCV  
  139  39:43  Widow Mine x5  
  142  39:56  Planetary Fortress  
  141  40:03  Refinery  
  141  40:04  Widow Mine x3  
  147  40:23  Raven  
  137  40:56  SCV  
  138  41:05  Orbital Command  
  138  41:08  SCV  
  139  41:18  Planetary Fortress  
  139  41:20  SCV  
  139  41:25  SCV  
  141  41:31  Battlecruiser x2  
  153  41:37  SCV  
  154  41:49  SCV  
  155  42:01  SCV  
  156  42:14  SCV, Battlecruiser  
  156  42:15  Battlecruiser  
  159  43:08  Widow Mine  
  159  43:09  Widow Mine x4  
  165  43:30  Widow Mine x5  
  167  43:51  Widow Mine x3  
  167  43:52  Widow Mine x2  
  175  44:09  SCV  
  176  44:13  Widow Mine x5  
  186  44:21  SCV  
  187  44:29  Raven  
  187  44:30  Raven  
  191  44:31  Battlecruiser  
  191  44:33  SCV  
  191  44:34  Widow Mine  
  196  44:45  SCV  
  195  44:56  Terran Ship Weapons Level 3  
  195  44:57  SCV  
  170  45:59  Battlecruiser x5  
  170  46:27  Widow Mine x4  
  170  46:28  Widow Mine  
  180  46:48  Widow Mine  
  180  46:49  Widow Mine x4  
  190  47:10  Widow Mine x4  
  198  47:40  Widow Mine  
Show
View Real Time Build Order
Export as new Build Order

Topsi Protoss - Winner!

Build Orders: Carriers 

Get SALT Encoding   

  12  0:05  Probe (Chrono Boost)  
  13  0:22  Probe  
  13  0:27  Pylon  
  14  0:34  Probe  
  15  0:38  Pylon  
  15  0:47  Probe  
  16  0:59  Pylon  
  16  1:08  Probe (Chrono Boost)  
  16  1:09  Gateway  
  17  1:23  Forge  
  17  1:33  Gateway  
  17  1:51  Nexus  
  17  2:05  Photon Cannon  
  17  2:13  Photon Cannon  
  17  2:16  Zealot  
  19  2:23  Zealot  
  21  2:52  Photon Cannon  
  21  2:55  Assimilator  
  21  3:00  Assimilator  
  21  3:09  Pylon  
  21  3:14  Cybernetics Core  
  21  3:19  Probe (Chrono Boost)  
  22  3:29  Probe (Chrono Boost)  
  24  3:34  Probe (Chrono Boost)  
  24  3:36  Gateway  
  24  3:39  Probe (Chrono Boost)  
  26  3:42  Probe (Chrono Boost)  
  26  3:46  Probe (Chrono Boost)  
  26  3:48  Pylon  
  27  3:55  Probe  
  28  3:57  Probe  
  29  4:09  Probe  
  30  4:15  Pylon  
  30  4:19  Stalker  
  30  4:21  Probe (Chrono Boost)  
  33  4:33  Probe (Chrono Boost)  
  34  4:42  Probe (Chrono Boost)  
  35  4:46  Probe (Chrono Boost)  
  35  4:47  Assimilator  
  37  4:54  Probe (Chrono Boost)  
  37  4:56  Probe (Chrono Boost), Twilight Council  
  38  5:01  Probe (Chrono Boost)  
  38  5:04  Assimilator  
  39  5:07  Pylon  
  39  5:11  Probe (Chrono Boost)  
  39  5:12  Pylon  
  41  5:21  Probe (Chrono Boost)  
  41  5:26  Probe (Chrono Boost)  
  43  5:29  Probe (Chrono Boost)  
  43  5:32  Stalker x2  
  43  5:33  Stalker  
  49  5:37  Probe (Chrono Boost)  
  49  5:42  Probe (Chrono Boost)  
  51  6:02  Probe  
  52  6:13  Stargate  
  52  6:14  Probe  
  52  6:16  Stargate  
  53  6:20  Pylon  
  53  6:24  Charge  
  53  6:26  Probe  
  53  6:32  Pylon  
  54  6:37  Photon Cannon  
  54  6:44  Stargate  
  54  6:45  Pylon  
  54  7:03  Void Ray  
  54  7:05  Photon Cannon  
  58  7:21  Robotics Facility  
  58  7:30  Photon Cannon  
  58  7:34  Photon Cannon  
  58  7:38  Pylon  
  58  7:40  Void Ray  
  58  7:41  Void Ray  
  66  7:45  Protoss Shields Level 1  
  66  8:06  Zealot x2  
  66  8:07  Protoss Air Weapons Level 1, Zealot  
  73  8:13  Observer  
  73  8:23  Void Ray  
  81  8:34  Immortal  
  81  8:37  Phoenix  
  83  8:41  Cybernetics Core, Phoenix  
  85  8:48  Pylon  
  85  8:52  Forge  
  85  9:07  Fleet Beacon  
  85  9:10  Phoenix  
  87  9:53  Phoenix  
  87  9:54  Void Ray  
  87  9:55  Void Ray  
  97  10:43  Void Ray x2  
  105  11:13  Protoss Ground Armor Level 1  
  105  11:15  Protoss Shields Level 2  
  105  11:22  Protoss Air Armor Level 1  
  101  11:28  Protoss Air Weapons Level 2  
  73  11:46  Void Ray  
  77  11:48  Phoenix x2  
  81  12:00  Immortal  
  85  12:04  Zealot  
  85  12:05  Zealot x2  
  91  12:12  Pylon  
  91  12:21  Carrier  
  97  12:27  Pylon  
  97  12:31  Zealot, Pylon  
  97  12:32  Zealot  
  97  12:35  Pylon  
  101  12:37  Photon Cannon  
  101  12:40  Photon Cannon  
  101  12:43  Photon Cannon  
  101  12:45  Shield Battery  
  101  12:50  Assimilator  
  101  12:53  Nexus  
  101  12:58  Photon Cannon  
  101  13:01  Photon Cannon  
  101  13:06  Assimilator  
  101  13:08  Carrier, Pylon  
  101  13:09  Tempest  
  112  13:23  Zealot x2  
  112  13:25  Void Ray  
  120  13:30  Photon Cannon  
  120  14:08  Void Ray  
  124  14:11  Zealot x2  
  124  14:14  Protoss Air Armor Level 2  
  128  14:17  Probe  
  128  14:20  Protoss Air Weapons Level 3  
  129  14:30  Probe, Tempest  
  135  14:34  Protoss Ground Armor Level 2  
  135  14:41  Protoss Ground Weapons Level 1  
  135  14:42  Probe  
  89  15:32  Stalker x2  
  89  15:33  Stalker  
  71  15:36  Carrier x2  
  74  16:02  Stalker, Zealot  
  74  16:03  Zealot  
  80  16:21  Gateway  
  80  16:22  Gateway  
  80  16:28  Pylon  
  80  16:30  Zealot  
  82  16:34  Pylon  
  82  16:47  Carrier  
  88  16:48  Carrier  
  94  16:54  Carrier, Stargate  
  100  17:25  Zealot x2  
  100  17:26  Stalker  
  100  17:27  Stalker x2  
  110  17:36  Pylon  
  110  17:38  Carrier (Chrono Boost)  
  110  17:40  Pylon  
  116  17:52  Stalker x2  
  120  18:01  Carrier (Chrono Boost)  
  126  18:30  Protoss Air Armor Level 3 (Chrono Boost)  
  126  18:38  Carrier  
  126  18:39  Protoss Shields Level 3  
  132  18:55  Protoss Ground Weapons Level 2  
  132  19:14  Carrier  
  138  19:25  Stalker x2  
  142  19:44  Carrier  
  148  19:58  Carrier  
  154  20:21  Carrier  
  154  20:24  Zealot x2  
  154  20:27  Zealot  
  166  20:41  Tempest  
  82  21:52  Stalker x2  
  82  21:53  Stalker x3  
  84  21:55  Void Ray x2  
  86  22:16  Nexus  
  86  22:20  Photon Cannon  
  86  22:22  Photon Cannon  
  86  22:25  Shield Battery  
  86  22:28  Shield Battery  
  86  22:54  Void Ray  
  90  23:01  Phoenix  
  90  23:03  Phoenix  
  94  23:36  Tempest  
  92  23:52  Stalker x2  
  92  24:27  Stalker x3  
  92  24:28  Stalker  
  100  24:36  Assimilator  
  100  24:40  Assimilator  
  84  25:27  Phoenix  
  84  25:28  Phoenix  
  88  25:53  Zealot x5  
  98  25:58  Phoenix  
  98  25:59  Tempest  
  105  26:20  Zealot x3  
  105  26:22  Stalker x2  
  105  26:24  Phoenix  
  117  26:25  Tempest  
  122  26:52  Zealot x3  
  126  27:07  Zealot x2  
  122  27:15  Phoenix  
  124  27:16  Phoenix  
  124  27:17  Phoenix  
  124  27:18  Tempest  
  124  27:19  Zealot x2  
  124  27:20  Zealot  
  139  27:34  Zealot  
  139  27:35  Zealot  
  143  27:46  Zealot x2  
  143  27:47  Zealot  
  149  28:01  Zealot  
  149  28:02  Observer, Zealot  
  154  28:07  Phoenix, Tempest  
  151  28:13  Zealot  
  151  28:14  Zealot x2  
  155  28:23  Observer  
  143  28:28  Zealot  
  104  28:51  Stalker x3  
  104  28:52  Stalker  
  110  28:55  Stalker  
  102  29:21  Stalker x3  
  102  29:22  Stalker  
  95  29:58  Pylon  
  93  30:01  Stalker x3  
  93  30:02  Stalker  
  68  30:28  Stalker  
  68  30:31  Stalker x2  
  68  30:48  Phoenix  
  70  30:51  Zealot x2  
  70  30:54  Photon Cannon  
  74  30:59  Zealot  
  74  31:01  Zealot x2  
  79  31:18  Zealot x2  
  83  31:26  Zealot  
  83  31:29  Zealot  
  83  31:30  Zealot  
  89  32:04  Zealot x3  
  89  32:05  Stalker  
  89  32:06  Stalker  
  81  32:53  Zealot x2  
  77  34:43  Zealot x2  
  79  36:42  Stalker x2  
  83  37:02  Observer  
  80  40:01  Nexus  
  80  41:56  Nexus  
  80  42:10  Pylon  
  80  42:15  Probe (Chrono Boost)  
  81  42:26  Probe (Chrono Boost)  
  82  42:36  Zealot  
  84  42:41  Zealot  
  86  42:58  Phoenix  
  88  43:06  Zealot  
  91  43:14  Probe (Chrono Boost)  
  91  43:22  Probe (Chrono Boost)  
  91  43:23  Probe (Chrono Boost)  
  93  43:30  Probe (Chrono Boost)  
  95  43:35  Probe (Chrono Boost)  
  95  43:38  Probe  
  96  43:45  Probe  
  97  43:50  Probe  
  98  44:02  Probe  
  99  44:05  Phoenix  
  99  44:07  Stalker  
  103  44:11  Stalker  
  105  44:18  Assimilator  
  105  44:22  Shield Battery  
  105  44:25  Assimilator, Probe (Chrono Boost)  
  105  44:30  Stalker  
  108  44:34  Stalker  
  108  44:35  Probe (Chrono Boost)  
  111  44:57  Probe  
  112  45:09  Probe  
  113  45:14  Protoss Ground Armor Level 3  
  113  45:21  Probe, Zealot x3  
  120  46:06  Phoenix  
  120  46:07  Phoenix  
  120  46:10  Stalker x2  
  120  46:11  Stalker x2  
  130  46:13  Stalker  
  122  47:14  Stalker x2  
  126  47:16  Phoenix  
  126  47:17  Phoenix  
  130  47:42  Stalker  
  130  47:43  Stalker  
  134  47:46  Phoenix  
  134  47:47  Phoenix  
  138  47:52  Nexus  
Tags
 
Add a new tag
Caveats
  • Supply blocks, unpowered buildings, or Contaminate may cause inaccurate times.
  • Supply counts are checked every 10 seconds.